 Dungeon Crawl Stone Soup version 0.18.1-8-gdd0e5ea (webtiles) character file.

5945 M4edhros the Covert (level 10, -1/65 HPs)
             Began as an Octopode Necromancer on May 23, 2016.
             Was a Priest of Cheibriados.
             Slain by a gargoyle
             ... wielding a +0 mace
              (20 damage)
             ... on level 11 of the Dungeon.
             The game lasted 00:29:25 (4227 turns).

M4edhros the Covert (Octopode Necromancer)          Turns: 4227, Time: 00:29:26

Health: -1/65      AC:  1    Str: 17    XL:     10   Next: 83%
Magic:  13/13      EV: 17    Int: 27    God:    Cheibriados [***...]
Gold:   107        SH:  0    Dex: 24    Spells: 5 memorised, 1 level left

rFire  . . .     SeeInvis +       - Unarmed
rCold  + + .     Gourm    .     (no shield)
rNeg   + . .     Faith    .     (helmet restricted)
rPois  +         Spirit   .     (no amulet)
rElec  .         Dismiss  .     (no ring)
rCorr  .         Reflect  .     d - ring "Iduq" {Fragile rC+ Str+3 Int+4 SInv}
SustAt .         Harm     .     x - ring of positive energy
MR     .....     Rnd*Rage +     (no ring)
Stlth  +++++++...               (no ring)
                                (no ring)
                                (no ring)
                                (no ring)

@: very slow, not resistant to hostile enchantments, extremely stealthy
A: almost no armour, amphibious, 8 rings, constrict 8, antennae 1, camouflage 1,
agile 1, berserk 1, blurry vision 1, cold resistance 1, poison resistance,
gelatinous body 1
a: Bend Time, Temporal Distortion, Renounce Religion


You were on level 11 of the Dungeon.
You worshipped Cheibriados.
Cheibriados was most pleased with you.
You were completely stuffed.

You visited 1 branch of the dungeon, and saw 11 of its levels.
You also visited: Ossuary.

You collected 635 gold pieces.
You spent 528 gold pieces at shops.

Inventory:

Hand Weapons
 h - a +2 dagger of electrocution
 l - a +1 dagger of venom
Missiles
 k - 4 curare-tipped needles
Jewellery
 d - the ring "Iduq" (right tentacle) {Fragile rC+ Str+3 Int+4 SInv}
   (You found it on level 5 of the Dungeon)

   [ring of protection from cold]

   It affects your strength (+3).
   It affects your intelligence (+4).
   It protects you from cold.
   It lets you see invisible.
   It will be destroyed if unequipped.
 i - an uncursed ring of teleportation
 x - a ring of positive energy (on tentacle)
Wands
 r - a wand of lightning (3/15)
 t - a wand of polymorph (12/24)
 B - a wand of polymorph (17/24)
 C - a wand of paralysis (0/24)
Scrolls
 g - 2 scrolls of recharging
 m - 2 scrolls of remove curse
 q - a scroll of blinking
Potions
 p - a potion of haste
 s - a potion of resistance
 z - a potion of agility {unknown}
 D - a potion of flight {unknown}
Books
 a - a book of Necromancy

   Spells                             Type                      Level
   a - Pain                           Necromancy                   1
   b - Animate Skeleton               Necromancy                   1
   c - Vampiric Draining              Necromancy                   3
   d - Regeneration                   Charms/Necromancy            3
   e - Animate Dead                   Necromancy                   4
   f - Control Undead                 Necromancy                   4
 e - a book of Callings

   Spells                             Type                      Level
   a - Summon Small Mammal            Summoning                    1
   b - Call Imp                       Summoning                    2
   c - Call Canine Familiar           Summoning                    3
   d - Summon Guardian Golem          Hexes/Summoning              3
   e - Summon Lightning Spire         Summoning/Air                4
   f - Summon Ice Beast               Ice/Summoning                4
 v - a book of Clouds

   Spells                             Type                      Level
   a - Mephitic Cloud                 Conjuration/Poison/Air       3
   b - Conjure Flame                  Conjuration/Fire             3
   c - Poisonous Cloud                Conjuration/Poison/Air       6
   d - Freezing Cloud                 Conjuration/Ice/Air          6
   e - Ring of Flames                 Charms/Fire                  7
 w - a book of Alchemy

   Spells                             Type                      Level
   a - Sublimation of Blood           Necromancy                   2
   b - Ignite Poison                  Fire/Transmutation/Poison    3
   c - Petrify                        Transmutation/Earth          4
   d - Alistair's Intoxication        Transmutation/Poison         5
   e - Irradiate                      Conjuration/Transmutation    5
 y - a book of Party Tricks

   Spells                             Type                      Level
   a - Summon Butterflies             Summoning                    1
   b - Apportation                    Translocation                1
   c - Tukima's Dance                 Hexes                        3
   d - Alistair's Intoxication        Transmutation/Poison         5
   e - Invisibility                   Hexes                        6
Miscellaneous
 A - a legendary deck of summoning {drawn: 3}
Comestibles
 b - 3 bread rations
 c - 3 fruits
 f - 6 chunks of flesh
 j - a slice of pizza
 n - 2 royal jellies
 o - 6 meat rations


   Skills:
 + Level 4.6 Fighting
 + Level 5.1 Dodging
 - Level 11.0 Stealth
 * Level 8.3 Unarmed Combat
 - Level 2.0 Spellcasting
 - Level 5.7 Summonings
 - Level 4.0 Necromancy
 * Level 6.6 Air Magic


You had one spell level left.
You knew the following spells:

 Your Spells              Type           Power        Failure   Level  Hunger
a - Pain                  Necr           ###.         1%          1    None
b - Animate Skeleton      Necr           N/A          1%          1    None
c - Summon Lightning Spi  Summ/Air       #####...     10%         4    ####...
d - Mephitic Cloud        Conj/Pois/Air  ##......     14%         3    ###....
r - Regeneration          Chrm/Necr      ##........   14%         3    ###....


Dungeon Overview and Level Annotations

Branches:
Dungeon (11/15)            Temple (0/1) D:6            Lair (0/8) D:9
    Orc (0/2) D:10

Altars:
Cheibriados
Dithmenos
Gozag
Makhleb
Ru
Vehumet
The Shining One

Shops:
D:9 *   D:10 [


Innate Abilities, Weirdness & Mutations

You cannot wear most types of armour.
You are amphibious.
You can wear up to eight rings at the same time.
You can use your tentacles to constrict eight enemies at once.
Your skin changes colour to match your surroundings (Stealth).
Your rubbery body absorbs attacks (AC +1).
You have a pair of small antennae on your head.
You are agile. (Dex +2)
You tend to lose your temper in combat.
Scrolls take you a little longer to read.
Your flesh is cold resistant.
Your system is resistant to poisons.


Message History

Unknown command.
You tentacle-slap the gargoyle but do no damage.
You squeeze the gargoyle, but do no damage.
The gargoyle is heavily damaged.
You constrict the gargoyle, but do no damage.
Your hound skeleton bites the gargoyle but does no damage.
The gargoyle hits you with a mace!
* * * LOW HITPOINT WARNING * * *
You tentacle-slap the gargoyle but do no damage.
The gargoyle is heavily damaged.
You constrict the gargoyle, but do no damage.
Your hound skeleton bites the gargoyle but does no damage.
Unknown command.
You tentacle-slap the gargoyle but do no damage.
You squeeze the gargoyle, but do no damage.
The gargoyle is heavily damaged.
You constrict the gargoyle, but do no damage.
Your hound skeleton bites the gargoyle but does no damage.
The gargoyle hits you with a mace!!
You die...

### #># #.#######.
#Z9....... #.@.......
############.........
#............$.......
#....................
####....................
.......#+###.........$..
.......# +............
.......# #..######....
.......# #..# ...


You could see a gargoyle and a friendly hound skeleton.

Vanquished Creatures
  Erica (D:9)
  A cyclops (D:9)
  The ghost of M4edhros the Ruffian, a novice TrNe of Pakellas (D:7)
  A two-headed ogre (D:9)
  Prince Ribbit (D:7)
  Sigmund (D:4)
  A wyvern (D:9)
  Edmund (D:4)
  A black bear (D:7)
  2 sky beasts
  2 orc warriors
  2 necrophages
  A wolf (D:10)
  3 ice beasts
  2 ogres
  2 centaurs
  An elf zombie (Ossuary)
  2 giant frogs
  5 scorpions
  4 wights (D:8)
  2 howler monkeys (D:8)
  2 jellies
  2 crimson imps
  A giant frog zombie (D:7)
  2 human zombies (Ossuary)
  7 orc priests
  Crazy Yiuf (D:7)
  4 hounds
  A gnoll shaman (D:4)
  9 worker ants
  3 iguanas
  4 orc wizards
  2 big kobold zombies (Ossuary)
  A hound zombie (D:7)
  A hound skeleton (D:5)
  2 worker ant zombies
  2 mummies (Ossuary)
  11 gnolls
  7 adders
  A worm (D:5)
  A dart slug (D:2)
  A giant gecko (D:3)
  31 orcs
  A ball python (D:5)
  3 giant cockroaches
  6 jackals
  3 quokkas
  A bat (D:1)
  A giant gecko skeleton (D:4)
  A giant newt (D:1)
  A gnoll zombie (Ossuary)
  3 goblins
  3 goblin zombies (Ossuary)
  2 hobgoblin zombies (Ossuary)
  A kobold (D:1)
  3 orc zombies (Ossuary)
  A rat (D:2)
163 creatures vanquished.

Vanquished Creatures (collateral kills)
  A troll (D:9)
  Grum (D:10)
  An ice beast (D:9)
  2 black bears
  A wolf (D:10)
  A giant frog (D:8)
  2 orc wizards
  A worker ant (D:9)
  An adder (D:10)
  A shadow imp (D:9)
  4 orcs
  A giant cockroach (D:7)
  A goblin (D:2)
  A quokka (D:7)
  A giant newt (D:6)
20 creatures vanquished.

Vanquished Creatures (others)
  An orc (D:10)
1 creature vanquished.

Grand Total: 184 creatures vanquished

Notes
Turn   | Place    | Note
--------------------------------------------------------------
     0 | D:1      | M4edhros the Octopode Necromancer began the quest for the Orb.
     0 | D:1      | Reached XP level 1. HP: 11/11 MP: 3/3
   365 | D:2      | Reached skill level 1 in Unarmed Combat
   420 | D:2      | Learned a level 1 spell: Animate Skeleton
   425 | D:2      | Reached XP level 2. HP: 7/17 MP: 5/5
   518 | D:3      | Reached skill level 3 in Stealth
   601 | D:3      | Reached skill level 4 in Stealth
   601 | D:3      | Reached XP level 3. HP: 2/21 MP: 2/6
   606 | D:3      | Learned a level 3 spell: Regeneration
   677 | D:4      | HP: 1/21 [poisoned by a worker ant]
   775 | D:4      | Reached XP level 4. HP: 24/27 MP: 3/7
   805 | D:4      | Reached skill level 5 in Stealth
   859 | D:4      | Reached skill level 6 in Stealth
   859 | D:4      | Reached XP level 5. HP: 24/31 MP: 8/8
   876 | D:4      | Found a sacrificial altar of Ru.
  1011 | D:4      | Noticed Sigmund
  1016 | D:4      | Killed Sigmund
  1016 | D:4      | Reached skill level 7 in Stealth
  1016 | D:4      | Reached XP level 6. HP: 36/36 MP: 9/9
  1021 | D:4      | Noticed Edmund
  1041 | D:4      | Killed Edmund
  1041 | D:4      | Reached skill level 8 in Stealth
  1041 | D:4      | Reached XP level 7. HP: 31/41 MP: 4/10
  1081 | D:4      | Reached skill level 9 in Stealth
  1140 | D:5      | Entered Level 5 of the Dungeon
  1202 | D:5      | Learned a level 4 spell: Summon Lightning Spire
  1251 | D:5      | Reached skill level 1 in Air Magic
  1371 | D:5      | Gained mutation: You have a pair of small antennae on your head. [potion of mutation]
  1371 | D:5      | Gained mutation: You are surrounded by a mild repulsion field (EV +2). [potion of mutation]
  1371 | D:5      | Gained mutation: You tend to lose your temper in combat. [potion of mutation]
  1372 | D:5      | Gained mutation: Your system is resistant to poisons. [potion of mutation]
  1372 | D:5      | Gained mutation: You are agile. (Dex +2) [potion of mutation]
  1424 | D:5      | Got a transparent pewter ring
  1425 | D:5      | Identified the ring "Iduq" {Fragile rC+ Str+3 Int+4 SInv} (You found it on level 5 of the Dungeon)
  1543 | D:5      | Reached skill level 1 in Summonings
  1567 | D:6      | Reached XP level 8. HP: 47/47 MP: 11/11
  1615 | D:6      | Reached skill level 1 in Fighting
  1676 | D:6      | Reached skill level 5 in Unarmed Combat
  1900 | D:7      | Noticed Crazy Yiuf
  1907 | D:7      | Killed Crazy Yiuf
  1937 | D:7      | Found an opulent altar of Gozag.
  1937 | D:7      | Noticed M4edhros's ghost (novice TrNe)
  1940 | D:7      | Found a shadowy altar of Dithmenos.
  1952 | D:7      | Killed M4edhros's ghost
  1952 | D:7      | Reached skill level 10 in Stealth
  1952 | D:7      | Reached XP level 9. HP: 40/55 MP: 12/12
  1968 | D:7      | Found a sand-covered staircase.
  1977 | Ossuary  | Entered an ossuary
  2145 | D:7      | Noticed Prince Ribbit
  2152 | D:7      | Killed Prince Ribbit
  2205 | D:7      | Found a glowing golden altar of the Shining One.
  2309 | D:6      | Found a burning altar of Makhleb.
  2309 | D:6      | Found a snail-covered altar of Cheibriados.
  2310 | D:6      | Found a radiant altar of Vehumet.
  2337 | D:6      | Found a staircase to the Ecumenical Temple.
  2346 | D:6      | Became a worshipper of Cheibriados the Contemplative
  2609 | D:8      | Gained mutation: Your flesh is cold resistant. [mutagenic meat]
  2731 | D:8      | Reached skill level 5 in Air Magic
  2865 | D:9      | Reached * piety under Cheibriados
  2869 | D:9      | Noticed a two-headed ogre
  2880 | D:9      | Noticed Erica
  2881 | D:9      | Killed a two-headed ogre
  2881 | D:9      | Reached XP level 10. HP: 62/63 MP: 13/13
  2892 | D:9      | Killed Erica
  2892 | D:9      | Reached skill level 5 in Summonings
  2916 | D:9      | HP: 3/63 [centaur/shortbow (8)]
  3027 | D:9      | Learned a level 3 spell: Mephitic Cloud
  3055 | D:9      | Found Qurafius's Assorted Antiques.
  3084 | D:9      | Gained mutation: Scrolls take you a little longer to read. [mutagenic meat]
  3085 | D:9      | Lost mutation: You are surrounded by a mild repulsion field (EV +2). [mutagenic meat]
  3090 | D:9      | Bought a leatherbound book for 330 gold pieces
  3099 | D:9      | Bought a scroll labeled EHIUCS UGIRPH for 22 gold pieces
  3099 | D:9      | Bought a crooked fluorescent wand for 88 gold pieces
  3099 | D:9      | Bought a crooked bronze wand for 88 gold pieces
  3154 | D:9      | Reached skill level 11 in Stealth
  3170 | D:9      | Noticed a cyclops
  3229 | D:9      | Killed a cyclops
  3354 | D:9      | Reached ** piety under Cheibriados
  3429 | D:9      | Found a staircase to the Lair.
  3702 | D:10     | Entered Level 10 of the Dungeon
  3830 | D:10     | Reached skill level 5 in Dodging
  3846 | D:10     | Found a staircase to the Orcish Mines.
  3849 | D:10     | Found Goyrch's Armour Shop.
  4061 | D:10     | Noticed Grum
  4086 | D:10     | Killed Grum
  4090 | D:10     | HP: 1/65 [wolf[Grum] (12)]
  4204 | D:11     | Reached *** piety under Cheibriados
  4217 | D:11     | Noticed a gargoyle
  4227 | D:11     | Slain by a gargoyle

Skill      XL: |  1  2  3  4  5  6  7  8  9 10 |
---------------+-------------------------------+-----
Unarmed Combat | 1 2 3 4 5 7 8 |  8.3
Stealth        | 4 6 7 8 9 10 11 | 11.0
Air Magic      | 1 3 5 6 |  6.6
Summonings     | 1 3 4 5 |  5.7
Fighting       | 2 3 4 |  4.6
Dodging        | 3 4 5 |  5.1
Spellcasting   | |  2.0
Necromancy     | |  4.0

Action                   |  1- 3 |  4- 6 |  7- 9 | 10-12 || total
-------------------------+-------+-------+-------+-------++-------
Melee: Unarmed           |    13 |       |    13 |    95 ||   121
       Dagger            |    21 |    30 |   196 |    22 ||   269
       Constrict         |     9 |     8 |    50 |    32 ||    99
       Punch             |     1 |       |     9 |    11 ||    21
       Tentacles         |       |     4 |    40 |    44 ||    88
 Cast: Pain              |    11 |       |       |       ||    11
       Animate Skeleton  |     1 |     5 |    20 |    14 ||    40
       Regeneration      |     4 |     3 |    22 |    21 ||    50
       Mephitic Cloud    |       |       |       |     7 ||     7
       Summon Lightning  |       |       |       |     2 ||     2
Evoke: Wand              |       |       |     1 |    11 ||    12
       Deck              |       |       |       |     3 ||     3
  Use: Potion            |     2 |     1 |     4 |     4 ||    11
       Scroll            |       |       |    10 |     6 ||    16
 Stab: Sleeping          |     4 |     4 |    22 |     4 ||    34
       Distracted        |       |       |     2 |     1 ||     3
  Eat: Chunk             |       |     1 |    15 |    10 ||    26
       Royal jelly       |       |       |       |     1 ||     1
Armor: Skin              |     3 |     3 |    25 |     4 ||    35
Dodge: Dodged            |    16 |     7 |   102 |   123 ||   248
